 Dungeon Crawl Stone Soup version 0.29-a0-717-g6dac4ea423 (webtiles) character file.

Game seed: 16429432294585630805

600 YayAnonymity the Cudgeller (level 7, -7/67 HPs)
             Began as a Troll Gladiator on June 27, 2022.
             Mangled by Duvessa
             ... wielding a +0 short sword
              (9 damage)
             ... on level 4 of the Dungeon.
             The game lasted 00:05:07 (5835 turns).

YayAnonymity the Cudgeller (Troll Gladiator)        Turns: 5835, Time: 00:05:08

Health: -7/67      AC:  5    Str: 22 (25) XL:     7   Next: 18%
Magic:  15/15      EV: 10    Int:  3 (4)  God:
Gold:   191        SH:  0    Dex:  9 (11) Spells: 6/6 levels left

rFire   . . .      SeeInvis .   (no weapon)
rCold   . . .      Faith    .   (no shield)
rNeg    . . .      Spirit   .   m - +0 animal skin
rPois   .          Reflect  .   c - +1 hat
rElec   .          Harm     .   (no cloak)
rCorr   .          Rampage  .   (gloves unavailable)
Will    .....                   (boots unavailable)
Stlth   +.........              (no amulet)
HPRegen 1.01/turn               g - ring of magical power
MPRegen 0.14/turn               (no ring)

@: flying
A: large, unfitting armour, claws 3, regeneration 1, shaggy fur 1, tough skin 1
a: no special abilities


You were on level 4 of the Dungeon.
You visited 1 branch of the dungeon, and saw 4 of its levels.

You collected 191 gold pieces.

Inventory:

Hand Weapons
 a - a +1 whip of venom
 s - a +0 giant club
Missiles
 d - 3 throwing nets (quivered)
 e - a large rock
Armour
 c - a +1 hat (worn)
 m - a +0 animal skin (worn)
Jewellery
 g - a ring of magical power (left claw)
Scrolls
 b - a scroll of poison {unknown}
 h - a scroll of summoning {unknown}
 k - a scroll of enchant weapon {unknown}
 p - a scroll of teleportation
 q - a scroll of immolation {unknown}
 r - a scroll of fog {unknown}
Potions
 f - 3 potions of lignification
 i - a potion of magic
 j - a potion of brilliance
 l - a potion of curing
 n - a potion of flight


   Skills:
 + Level 3.5 Fighting
 * Level 5.7 Maces & Flails
 - Level 1.7 Throwing
 + Level 4.0 Dodging


You had 6 spell levels left.
You didn't know any spells.
Your spell library contained the following spells:

 Spells                   Type           Power      Damage    Failure   Level
 Magic Dart               Conj           0%         1d3       52%         1
 Searing Ray              Conj           0%         2d4       67%         2
 Gell's Gravitas          Tloc           0%         N/A       88%         3
 Lesser Beckoning         Tloc           0%         N/A       88%         3
 Teleport Other           Tloc           0%         N/A       88%         3
 Fulminant Prism          Conj/Hex       0%         3d6       99%         4


Dungeon Overview and Level Annotations

Branches:
Dungeon (4/15)
 Temple: D:4-7

Altars:

Shops:
D:1 (

Annotations:
D:4 1 runed translucent door, Crazy Yiuf, Dowan, Duvessa


Innate Abilities, Weirdness & Mutations

You are too large for most types of armour.
You have claws for hands.
Your natural rate of healing is unusually fast.
You are covered in fur. (AC +1)
You have tough skin. (AC +1)


Message History

You claw Duvessa!
Duvessa is moderately wounded.
Duvessa hits you with a +0 short sword.
* * * LOW HITPOINT WARNING * * *
You scratch Duvessa but do no damage.
Duvessa is moderately wounded.
Duvessa hits you with a +0 short sword.
* * * LOW HITPOINT WARNING * * *
You scratch Duvessa but do no damage.
Duvessa is moderately wounded.
Duvessa hits you with a +0 short sword.
* * * LOW HITPOINT WARNING * * *
You barely miss Duvessa.
Duvessa is moderately wounded.
Duvessa hits you with a +0 short sword.
* * * LOW HITPOINT WARNING * * *
It was a potion of curing.
You feel better. Duvessa barely misses you.
You claw Duvessa!
Duvessa is heavily wounded.
Duvessa barely misses you.
You scratch Duvessa.
Duvessa is heavily wounded.
Duvessa hits you with a +0 short sword!
* * * LOW HITPOINT WARNING * * *
It was a potion of flight.
You feel very buoyant.
You fly up into the air.
Duvessa misses you.
You scratch Duvessa but do no damage.
Duvessa is heavily wounded.
Duvessa hits you with a +0 short sword.
* * * LOW HITPOINT WARNING * * *
It was a potion of degeneration.
There was something very wrong with that liquid.
You feel weakened.
You feel dopey.
You feel clumsy. Duvessa hits you with a +0 short sword!
* * * LOW HITPOINT WARNING * * *
You closely miss Duvessa.
Duvessa is heavily wounded.
Duvessa hits you with a +0 short sword!
You die...

#.##....#.#
..#.##....#<#
....#....#.#
....#....#.#
#...#.##.#.#
#...#.##.#.#
...#.##.#.#
#e##.##.#.#
#@##....#.###
#.#####.....#
#.# #.....#
#.######....#
#...........#
########....#
######


You could see Duvessa.

Vanquished Creatures
  Sigmund (D:2)
  An ogre (D:4)
  A necrophage (D:4)
  An orc priest (D:3)
  An iguana (D:4)
  Natasha (thrice) (D:2)
  Robin (D:2)
  4 adders
  A worm (D:3)
  2 dart slugs
  7 orcs
  4 ball pythons
  10 endoplasms
  4 giant cockroaches
  19 goblins
  7 hobgoblins
  3 jackals (D:3)
  4 kobolds
  4 quokkas
  6 bats
  4 frilled lizards
  9 rats
97 creatures vanquished.

Vanquished Creatures (others)
  4 toadstools (D:1)
4 creatures vanquished.

Grand Total: 101 creatures vanquished

Notes
Turn   | Place    | Note
-------+----------+-------------------------------------------
     0 | D:1      | YayAnonymity the Troll Gladiator began the quest for the
                  | Orb.
     0 | D:1      | Reached XP level 1. HP: 19/19 MP: 0/0
   111 | D:1      | Found a faded altar of an unknown god.
   152 | D:1      | Reached skill level 3 in Maces & Flails
   156 | D:1      | Reached XP level 2. HP: 26/28 MP: 1/1
   445 | D:1      | Found Diugess's Weapon Boutique.
   740 | D:1      | Reached XP level 3. HP: 35/35 MP: 2/2
   958 | D:2      | Identified the +0 leather armour of Purpose {-Cast Regen+
                  | Dex+3}
  1129 | D:2      | Noticed Robin
  1140 | D:2      | HP: 1/35 [quokka (3)]
  1261 | D:2      | Killed Robin
  1262 | D:2      | Reached XP level 4. HP: 38/42 MP: 3/3
  1326 | D:2      | Noticed Natasha
  1333 | D:2      | Killed Natasha
  1334 | D:2      | Reached skill level 4 in Maces & Flails
  1653 | D:2      | Noticed Natasha
  1661 | D:2      | Killed Natasha
  1662 | D:2      | Reached XP level 5. HP: 50/50 MP: 4/4
  1673 | D:2      | Noticed Sigmund
  1680 | D:2      | Killed Sigmund
  1681 | D:2      | Reached XP level 6. HP: 46/59 MP: 5/5
  1885 | D:2      | Noticed Natasha
  1890 | D:2      | Killed Natasha
  1891 | D:2      | Reached skill level 5 in Maces & Flails
  5208 | D:4      | Noticed Duvessa
  5208 | D:4      | Noticed Dowan
  5563 | D:4      | Found a runed translucent door.
  5564 | D:4      | Noticed Crazy Yiuf
  5703 | D:4      | Reached XP level 7. HP: 36/67 MP: 6/6
  5834 | D:4      | HP: 1/67 [Duvessa/+0 short sword (7)]
  5835 | D:4      | Mangled by Duvessa

Illustrated notes

Levels and vault maps discovered:
D:1:      ldierk_water_garden, layout_basic, basic_ecumenical_altar,
          serial_shops, shop_fountains, minmay_split_cup_large
D:2:      minmay_chambers_of_twos, layout_basic, uniq_robin, uniq_natasha,
          uniq_sigmund
D:3:      layout_basic
D:4:      layout_basic, uniq_crazy_yiuf_cottage, uniq_duvessa

Skill      XL: |  1  2  3  4  5  6 |
---------------+-------------------+-----
Maces & Flails | 3 4 5 |  5.7
Fighting       | 2 3 |  3.5
Dodging        | 3 4 |  4.0
Throwing       | |  1.7

Action                   |  1- 3 |  4- 6 |  7- 9 || total
-------------------------+-------+-------+-------++-------
Melee: Unarmed           |   132 |   154 |    45 ||   331
       Punch             |       |     4 |       ||     4
  Use: Scroll            |     3 |     3 |       ||     6
       Potion            |       |     2 |     3 ||     5
 Stab: Sleeping          |     2 |     2 |       ||     4
Armor: Robe              |    60 |       |       ||    60
       Animal skin       |       |    61 |     4 ||    65
Dodge: Dodged            |    65 |    71 |    20 ||   156

Table legend: (Time is in decaauts)
 A = Elapsed time spent in this place.
 B = Non-inter-level travel time spent in this place.
 C = Inter-level travel time spent in this place.
 D = Time resting spent in this place.
 E = Time spent auto-exploring this place.
 F = Levels seen in this place.
 G = Mean time per level.
                   A        B        C        D        E       F      G
               +--------+--------+--------+--------+--------+-----+--------+
         Total |   5844 |   5754 |     90 |     54 |   4995 |   4 | 1461.0 |
       Dungeon |   5844 |   5754 |     90 |     54 |   4995 |   4 | 1461.0 |
               +--------+--------+--------+--------+--------+-----+--------+

Top non-repeatable levels by time:
     D:2: 3686 daAuts
     D:1: 892 daAuts
     D:3: 684 daAuts
     D:4: 581 daAuts
